 Dungeon Crawl Stone Soup version 0.26-a0-259-g1effd001a9 (webtiles) character file.

Game seed: 4721717008426390533

79 raph the Gusty (level 4, -1/24 HPs)
             Began as a Tengu Air Elementalist on July 15, 2020.
             Slain by an adder (3 damage)
             ... on level 1 of the Dungeon.
             The game lasted 00:04:24 (2237 turns).

raph the Gusty (Tengu Air Elementalist)             Turns: 2237, Time: 00:04:24

Health: -1/24      AC:  2    Str:  8    XL:     4   Next: 37%
Magic:  0/8        EV: 13    Int: 16    God:
Gold:   64         SH:  0    Dex: 15    Spells: 1/7 levels left

rFire    . . .     SeeInvis .   g - +0 mace
rCold    . . .     Faith    .   (no shield)
rNeg     . . .     Spirit   .   a - +0 robe
rPois    .         Reflect  .   (helmet restricted)
rElec    .         Harm     .   (no cloak)
rCorr    .                      (no gloves)
MR       .....                  (boots unavailable)
Stlth    ++........             (no amulet)
HPRegen  0.08/turn              (no ring)
MPRegen  0.11/turn              (no ring)

@: very slightly contaminated
A: beak, talons 3
a: no special abilities


You were on level 1 of the Dungeon.
You were not hungry.

You visited 1 branch of the dungeon, and saw 2 of its levels.

You collected 64 gold pieces.

Inventory:

Hand Weapons
 g - a +0 mace (weapon)
Missiles
 b - 11 stones (quivered)
Armour
 a - a +0 robe (worn)
Scrolls
 d - 2 scrolls of enchant weapon {unknown}
 e - 2 scrolls of remove curse {unknown}
 h - 4 scrolls of identify {unknown}
 i - a scroll of fog {unknown}
 k - a scroll of fear {unknown}
 l - a scroll of teleportation {unknown}
 m - a scroll of blinking {unknown}
 n - 3 scrolls of amnesia {unknown}
Potions
 f - a potion of curing {unknown}
 j - 2 potions of heal wounds {unknown}
Comestibles
 c - 5 rations


   Skills:
 - Level 2.1 Dodging
 - Level 2.0 Stealth
 - Level 2.0 Spellcasting
 * Level 3.9 Conjurations
 * Level 5.5 Air Magic


You had one spell level left.
You knew the following spells:

 Your Spells              Type           Power        Failure   Level
a - Shock                 Conj/Air       ###.         3%          1
b - Swiftness             Chrm/Air       ##......     10%         2
c - Static Discharge      Conj/Air       ###.....     9%          3

Your spell library contained the following spells:

 Spells                   Type           Power        Failure   Level
 Airstrike                Air            ###.......   22%         4
 Lightning Bolt           Conj/Air       ###.......   63%         5


Dungeon Overview and Level Annotations

Branches:
Dungeon (2/15)

Altars:


Innate Abilities, Weirdness & Mutations

You have a beak for a mouth.
You have claws for feet.


Message History

The adder bites you.
Casting: Shock (safe; 3% risk of failure)
Confirm with . or Enter, or press ? or * to list all spells.
Aiming: Shock (safe; 3% risk of failure)
Press: ? - help, Shift-Dir - straight line You miscast Shock.
You are very lightly contaminated with residual magic.
Nothing appears to happen.
The adder bites you.
* * * LOW HITPOINT WARNING * * *
The adder bites you.
* * * LOW HITPOINT WARNING * * *
The adder bites you.
* * * LOW HITPOINT WARNING * * *
Casting: Shock (safe; 3% risk of failure)
Confirm with . or Enter, or press ? or * to list all spells.
Aiming: Shock (safe; 3% risk of failure)
Press: ? - help, Shift-Dir - straight line, f - adder
Aim: an adder (severely wounded)
The zap misses the adder.
The adder bites you.
You die...

#.........##########.###
#..>.....)'.............
#.........##########.#.#
#.........# #.#.#
###'################.#.#
#.....................
#.#.............#.....
#.#.S...........#.....
#.#..@.##'##....#.....
#.#...##...##...#.....
#########.#...#..<..#...#.....
#.............##...##...#.....
##.#######.....##+##....#.....
#.# #.................... #.#
#.................... #.#
#################'### #.# #.#


You could see an adder.

Vanquished Creatures
  A worker ant (D:2)
  2 adders (D:2)
  A worm (D:2)
  5 bats
  4 giant cockroaches
  4 hobgoblins
  6 kobolds
  A quokka (D:2)
  A ball python (D:2)
  A frilled lizard (D:2)
  4 goblins
  4 rats (D:1)
34 creatures vanquished.

Notes
Turn   | Place    | Note
-------+----------+-------------------------------------------
     0 | D:1      | raph the Tengu Air Elementalist began the quest for the
                  | Orb.
     0 | D:1      | Reached XP level 1. HP: 10/10 MP: 4/4
   325 | D:1      | Reached XP level 2. HP: 14/15 MP: 1/6
   949 | D:1      | Learned a level 2 spell: Swiftness
  1410 | D:2      | Reached XP level 3. HP: 19/19 MP: 1/7
  1500 | D:2      | Reached skill level 5 in Air Magic
  1513 | D:2      | Learned a level 3 spell: Static Discharge
  1551 | D:2      | Reached XP level 4. HP: 12/24 MP: 4/8
  2236 | D:1      | HP: 1/24 [adder (1)]
  2237 | D:1      | Slain by an adder

Illustrated notes

Levels and vault maps discovered:
D:1:      dpeg_arrival_shelter, layout_basic
D:2:      layout_loops_ring, lemuel_coloured_pillars_altar,
          chequers_ecumenical_altar_lobes, minmay_small_reverse_x, uniq_natasha

Skill      XL: |  1  2  3 |
---------------+----------+-----
Conjurations   | 2 3 |  3.9
Air Magic      | 5 |  5.5
Dodging        | |  2.1
Stealth        | |  2.0
Spellcasting   | |  2.0

Action                   |  1- 3 |  4- 6 || total
-------------------------+-------+-------++-------
Melee: Mace              |     2 |       ||     2
 Cast: Shock             |    51 |    24 ||    75
       Swiftness         |       |     1 ||     1
       Static Discharge  |       |     1 ||     1
  Eat: Ration            |     1 |       ||     1
Armor: Robe              |     3 |     1 ||     4
Dodge: Dodged            |    11 |    16 ||    27

Table legend:
 A = Non-vault XP
 B = Vault XP
 C = Vault XP percentage of total XP
 D = Non-vault monster count
 E = Vault monster count
 F = Vault count percentage of total count
                 A         B        C        D         E       F
            +---------+---------+-------+---------+---------+-------
      Total |     100 |      13 |  11.5 |      33 |       1 |   2.9
            +---------+---------+-------+---------+---------+-------
        D:1 |      27 |       0 |   0.0 |      18 |       0 |   0.0
        D:2 |      73 |      13 |  15.1 |      15 |       1 |   6.2
            +---------+---------+-------+---------+---------+-------
